 Dungeon Crawl Stone Soup version 0.28.0-43-g3370ac3207 (webtiles) character file.

Game seed: 6633979921271985488

10975 Gabide the Thaumaturge (level 11, -2/81 HPs)
             Began as a Mummy Necromancer on Mar 20, 2022.
             Was an Initiate of Ashenzari.
             Slain by a vampire (5 damage)
             ... on level 11 of the Dungeon.
             The game lasted 00:54:15 (14677 turns).

Gabide the Thaumaturge (Mummy Necromancer)         Turns: 14677, Time: 00:54:15

Health: -2/81      AC:  6    Str: 20    XL:     11   Next: 43%
Magic:  28/28      EV: 14    Int: 23    God:    Ashenzari [......]
Gold:   1710       SH:  0    Dex: 13    Spells: 23/36 levels left

rFire   + + .      SeeInvis .   p - +8 great sword (vorpal)
rCold   + + .      Faith    .   (shield currently unavailable)
rNeg    + + +      Spirit   .   k - +1 robe of Quantum Leap {Int+5 Archmagi}
rPois   ∞          Reflect  .   t - +0 hat {Stlth+}
rElec   .          Harm     .   e - +1 cloak
rCorr   .          Rampage  .   c - +0 pair of gloves "Gaze Upon Infinity" {Range, Cun} (curse)
Will    +....      Archmagi +   (no boots)
Stlth   ++........              i - amulet "Qygy" {RegenMP Drain rF+++ rC+ Str+2}
HPRegen 0.23/turn               l - ring of wizardry
MPRegen 0.61/turn               q - +6 ring of strength

@: confused
A: cold resistance 1, negative energy resistance 3, torment resistance 2, heat
vulnerability 1, no potions
a: Renounce Religion, Curse Item, Shatter the Chains


You were on level 11 of the Dungeon.
You worshipped Ashenzari.
Ashenzari was noncommittal.
You visited 1 branch of the dungeon, and saw 11 of its levels.

You collected 1710 gold pieces.

Inventory:

Hand Weapons
 a - a +1 flail of protection
 b - a +3 dagger of venom
 p - a +8 vorpal great sword (weapon)
Armour
 c - the cursed +0 pair of gloves "Gaze Upon Infinity" (worn) {Range, Cun}
   (You found it on level 1 of the Dungeon)

   It has a curse which improves the following skills: Ranged Combat: Slings,
   Bows, Crossbows and Throwing.
   Cunning:   Dodging and Stealth.
 e - a +1 cloak (worn)
 k - the +1 robe of Quantum Leap (worn) {Int+5 Archmagi}
   (You found it on level 5 of the Dungeon)

   Int:       It affects your intelligence (+5).
   Archmagi:  It increases the power of your magical spells.
 t - a +0 hat of stealth (worn)
 w - the +18 Lear's hauberk
   (You found it on level 10 of the Dungeon)
Magical Staves
 v - a staff of death
Jewellery
 g - an amulet of magic regeneration
 h - an amulet of regeneration
 i - the amulet "Qygy" (around neck) {RegenMP Drain rF+++ rC+ Str+2}
   (You found it on level 4 of the Dungeon)

   [amulet of magic regeneration]

   It increases your rate of magic regeneration.
   Str:       It affects your strength (+2).
   rF:        It renders you almost immune to fire.
   rC:        It protects you from cold.
   Drain:     It drains your maximum health when unequipped.
 j - a ring of flight
 l - a ring of wizardry (left hand)
 q - a +6 ring of strength (right hand)
Wands
 n - a wand of polymorph (26)
 x - a wand of acid (4)
Scrolls
 d - a scroll of teleportation
 f - 3 scrolls of fog
 m - 2 scrolls of brand weapon
 o - a scroll of fear
 r - a scroll of identify
 s - a scroll of noise
 u - 3 scrolls of vulnerability
 y - a scroll of summoning {unknown}


   Skills:
 * Level 6.0 Fighting
 - Level 0.7(2.2) Short Blades
 + Level 3.3 Long Blades
 - Level 1.0 Maces & Flails
 * Level 5.1(5.6) Dodging
 + Level 2.1(2.4) Stealth
 - Level 0.1 Unarmed Combat
 * Level 13.4 Spellcasting
 * Level 11.3 Necromancy


You had 23 spell levels left.
You knew the following spells:

 Your Spells              Type           Power      Damage    Failure   Level
a - Pain                  Necr           100%       1d9       1%          1
b - Vampiric Draining     Necr           79%        2d11      1%          3
c - Animate Dead          Necr           39%        N/A       1%          4
d - Agony                 Necr           79%        N/A       1%          5

Your spell library contained the following spells:

 Spells                   Type           Power      Damage    Failure   Level
 Animate Skeleton         Necr           100%       N/A       1%          1
 Static Discharge         Conj/Air       23%        N/A       2%          2
 Cause Fear               Hex            11%        N/A       16%         4
 Lightning Bolt           Conj/Air       11%        1d24      38%         5
 Maxwell's Capacitive Co  Air            11%        ∞         100%        8
 Dragon's Call            Summ           11%        N/A       100%        9
 Dragon Form              Tmut           Unusable   N/A       N/A         7

Dungeon Overview and Level Annotations

Branches:
Dungeon (11/15)            Temple (0/1) D:4            Lair (0/6) D:10
    Orc (0/2) D:10

Altars:
Ashenzari
Fedhas
Hepliaklqana
Makhleb
Nemelex Xobeh
Vehumet
Yredelemnul
Zin

Shops:
D:7 *   D:9 [   D:10 (

Portals:
Trove: D:11 (give +5 ice dragon scales)

Annotations:
D:4 1 runed translucent door, Cykl0x's ghost, amateur GrEE
D:10 exclusion: oklob plant


Innate Abilities, Weirdness & Mutations

You are immune to poison.
Your flesh is cold resistant. (rC+)
You are immune to negative energy. (rN+++)
You are immune to unholy pain and torment.
You are vulnerable to heat. (rF-)
You do not drink.


Message History

The vampire is severely damaged.
The vampire hits you! The vampire barely misses you.
The vampire gestures wildly while chanting.
The vampire flickers and vanishes!
Deactivating autopickup; reactivate with Ctrl-A.
You hit something. Something hits you but does no damage. Something bites you.
You hit something but do no damage. Something hits you. Something bites you!
Something hits you! Something bites you.
You miss something. Something hits you but does no damage.
Something bites you but does no damage.
You closely miss something. Something hits you! Something bites you.
Something hits you!
* * * LOW HITPOINT WARNING * * *
Something bites you but does no damage.
As you read the scroll of teleportation, it crumbles to dust.
You feel strangely unstable.
You hear some strange, mumbled words.
You are confused.
The komodo dragon hisses angrily.
You hear some strange, mumbled words.
You are more confused.
Your surroundings seem slightly different.
You hear some strange, mumbled words.
Something tries to affect you, but you resist.
You are too confused!
You are too confused!
You're too confused to cast spells.
Unknown command.
Unknown command.
Unknown command.
Unknown command.
You bump into the rock wall.
You bump into the rock wall.
Something hits you!
* * * LOW HITPOINT WARNING * * *
Something completely misses you. Something hits you!
* * * LOW HITPOINT WARNING * * *
Something bites you but does no damage. Something hits you but does no damage.
Something bites you.
You die...

##. .... ###
#....
##.####.....
#...@#.... #
#.......#
##.#.(.....#
#........###
#........##
#######...#####
#.#.l.#.###
###........
#.........


There were no monsters in sight!

Vanquished Creatures
  Gastronok (D:8)
  2 two-headed ogres (D:9)
  Pikel (D:8)
  An ugly thing (D:10)
  A cyclops (D:11)
  A tengu conjurer (D:10)
  3 hornets
  A troll (D:10)
  4 yaks (D:9)
  2 wraiths
  A wyvern (D:10)
  Edmund (D:4)
  2 water moccasins
  A sky beast (D:7)
  A hornet zombie (D:8)
  An ice beast (D:7)
  5 orc warriors
  2 black bears
  3 necrophages
  An ogre (D:4)
  A tengu (D:7)
  4 centaurs
  A phantom (D:5)
  3 kobold brigands
  2 bullfrogs
  2 scorpions (D:6)
  A wyvern zombie (D:7)
  A wyvern skeleton (D:7)
  A water moccasin skeleton (D:5)
  11 killer bees (D:10)
  10 wights
  5 howler monkeys
  3 hounds
  3 centaur zombies
  3 jellies
  7 orc priests
  A bullfrog skeleton (D:7)
  A centaur skeleton (D:6)
  5 iguanas
  4 orc wizards
  A hound skeleton (D:5)
  5 adders
  4 gnolls (D:3)
  A howler monkey skeleton (D:6)
  An ufetubus (D:5)
  An adder skeleton (D:5)
  3 dart slugs
  29 orcs
  3 ball pythons
  3 giant cockroaches
  10 goblins
  6 hobgoblins
  2 jackals (D:5)
  3 quokkas
  3 bats (D:3)
  2 frilled lizards
  21 kobolds
  6 rats
208 creatures vanquished.

Vanquished Creatures (collateral kills)
  A necrophage (D:5)
  A killer bee (D:10)
  A jelly (D:5)
  2 orc priests
  3 orcs
8 creatures vanquished.

Vanquished Creatures (others)
  A wizard (D:10)
  15 fungi (D:9)
  4 plants (D:10)
  2 withered plants (D:8)
22 creatures vanquished.

Grand Total: 238 creatures vanquished

Notes
Turn   | Place    | Note
-------+----------+-------------------------------------------
     0 | D:1      | Gabide the Mummy Necromancer began the quest for the Orb.
     0 | D:1      | Reached XP level 1. HP: 13/13 MP: 4/4
   496 | D:1      | Reached XP level 2. HP: 19/19 MP: 3/5
   846 | D:1      | Reached skill level 3 in Spellcasting
  1061 | D:1      | Found a faded altar of an unknown god.
  1156 | D:2      | Reached XP level 3. HP: 20/24 MP: 0/7
  1448 | D:2      | Learned a level 3 spell: Vampiric Draining
  1693 | D:2      | Reached skill level 4 in Spellcasting
  2152 | D:3      | Reached XP level 4. HP: 30/30 MP: 0/10
  2162 | D:2      | Learned a level 4 spell: Animate Dead
  2243 | D:3      | HP: 1/31 [gnoll/+0 flail (8)]
  2258 | D:3      | Found a radiant altar of Vehumet.
  2559 | D:3      | Reached skill level 5 in Necromancy
  2746 | D:3      | Reached skill level 1 in Fighting
  2746 | D:3      | Reached XP level 5. HP: 31/37 MP: 0/12
  2972 | D:3      | Learned a level 5 spell: Agony
  2977 | D:3      | Reached skill level 5 in Spellcasting
  3075 | D:4      | Identified the amulet "Qygy" {RegenMP Drain rF+++ rC+
                  | Str+2}
  3188 | D:4      | Found a broken altar of Ashenzari.
  3222 | D:4      | Found a burning altar of Makhleb.
  3275 | D:4      | Noticed an ogre
  3315 | D:4      | Became a worshipper of Ashenzari the Shackled
  3440 | D:4      | Killed an ogre
  3473 | D:4      | Reached XP level 6. HP: 43/43 MP: 8/14
  3957 | D:4      | Noticed Edmund
  3966 | D:4      | Killed Edmund
  3967 | D:4      | Reached skill level 6 in Spellcasting
  4122 | D:4      | Found a staircase to the Ecumenical Temple.
  4225 | D:4      | Found a runed translucent door.
  4347 | D:4      | Noticed Cykl0x's ghost (amateur GrEE)
  4386 | D:5      | Entered Level 5 of the Dungeon
  4437 | D:5      | Identified the +1 robe of Quantum Leap {Int+5 Archmagi}
  4602 | D:5      | Reached XP level 7. HP: 42/50 MP: 16/16
  4862 | D:5      | Reached skill level 7 in Spellcasting
  5357 | D:5      | Reached XP level 8. HP: 53/57 MP: 19/19
  5393 | D:5      | Reached skill level 1 in Maces & Flails
  5406 | D:5      | Reached skill level 8 in Spellcasting
  5923 | D:6      | Found a basalt altar of Yredelemnul.
  6401 | D:6      | Reached skill level 9 in Spellcasting
  6554 | D:6      | Found a blossoming altar of Fedhas.
  6833 | D:7      | Found Ykloics's Lightly-Used Armoury.
  7332 | D:7      | Found a flagged portal.
  7340 | D:7      | Reached XP level 9. HP: 58/64 MP: 18/22
  8336 | D:7      | Reached skill level 1 in Long Blades
  9346 | D:7      | Reached skill level 10 in Spellcasting
  9999 | D:8      | Noticed Gastronok
 10013 | D:8      | Killed Gastronok
 10014 | D:8      | Reached skill level 11 in Spellcasting
 10014 | D:8      | Reached XP level 10. HP: 14/73 MP: 8/25
 10792 | D:8      | Noticed Pikel
 10808 | D:8      | Killed Pikel
 11310 | D:8      | Found a sparkling altar of Nemelex Xobeh.
 11475 | D:9      | Reached skill level 5 in Fighting
 11925 | D:9      | Noticed a two-headed ogre
 11933 | D:9      | Killed a two-headed ogre
 11934 | D:9      | Reached skill level 12 in Spellcasting
 11934 | D:9      | Reached skill level 10 in Necromancy
 12058 | D:9      | Found a hazy altar of Hepliaklqana.
 12327 | D:9      | Found Bixtett's Antique Armour Shop.
 12676 | D:9      | Noticed a two-headed ogre
 12686 | D:9      | Killed a two-headed ogre
 12774 | D:9      | Reached XP level 11. HP: 69/80 MP: 24/27
 12894 | D:10     | Entered Level 10 of the Dungeon
 12967 | D:10     | Noticed an oklob plant
 12983 | D:10     | Found a staircase to the Lair.
 13238 | D:10     | Found Weopef's Weapon Shop.
 13255 | D:10     | Reached skill level 5 in Dodging
 13354 | D:10     | Noticed a wizard
 13361 | D:10     | Killed a wizard
 13412 | D:10     | Noticed a green ugly thing
 13622 | D:9      | Identified a scroll of acquirement
 13623 | D:9      | Acquired 1018 gold pieces
 13633 | D:10     | Killed a green ugly thing
 13634 | D:10     | Reached skill level 13 in Spellcasting
 13800 | D:10     | Found a staircase to the Orcish Mines.
 13801 | D:10     | Found the +18 Lear's hauberk
 13959 | D:11     | Noticed a two-headed ogre
 14541 | D:11     | Found a portal to a secret trove of treasure.
 14676 | D:11     | HP: 3/81 [something (11)]
 14677 | D:11     | Slain by a vampire

Illustrated notes

Levels and vault maps discovered:
D:1:      nzn_arrival_depleted_hourglass, layout_basic,
          dreamdust_ecumenical_altar_hidden_monk_grotto, nrook_mini_backslash,
          serial_bayou_pond_b
D:2:      layout_loops_ring, chequers_serial_rivers_micro_c,
          hangedman_glass_teeth, chequers_garden, mrwooster_statue_mirror
D:3:      layout_basic, fiery_altar_vehumet
D:4:      layout_gridville, amcnicky_altar_gilded, nicolae_ashenzari_skybound,
          minmay_temple_entry_crystal_x, ebering_ghost_sewer_d,
          minmay_misc_feat_cross, uniq_edmund
D:5:      minmay_clustersquares, layout_loops_ring
D:6:      layout_loops_ring, kennysheep_mini, mainiacjoe_overflow_tiny_flanked,
          general_overflow_altar
D:7:      layout_cave_pools, enter_bailey_5, roderic_lattice_a,
          minmay_shop_damaged, st_stairs_2
D:8:      layout_cave_pools, nemelex_diamond_rough_becter, serial_undead,
          serial_undead_d, serial_undead_b, serial_undead_c, serial_undead_e,
          uniq_pikel, uniq_gastronok
D:9:      layout_basic, mainiacjoe_overflow_chevrons, serial_shops, shop,
          supply_closet_lemuel, minmay_fountain_box,
          kennysheep_decorative_pillar
D:10:     minmay_distorted_concentric_squares, layout_cave_pools,
          dpeg_oklobed_lair, serial_shops, nicolae_shop_bloodbath_and_beyond
D:11:     layout_cave_pools, enter_trove_3, minmay_checkerbox

Skill      XL: |  1  2  3  4  5  6  7  8  9 10 11 |
---------------+----------------------------------+-----
Spellcasting   | 3 4 5 6 7 9 11 12 13 | 13.4
Necromancy     | 5 6 7 9 10 11 | 11.3
Fighting       | 1 2 3 4 5 6 |  6.0
Dodging        | 2 3 4 5 |  5.1
Maces & Flails | 1 |  1.0
Long Blades    | 1 3 |  3.3
Stealth        | 2 |  2.1
Short Blades   | |  0.7
Unarmed Combat | |  0.1

Action                   |  1- 3 |  4- 6 |  7- 9 | 10-12 || total
-------------------------+-------+-------+-------+-------++-------
Melee: Unarmed           |     6 |       |       |       ||     6
       Dagger            |       |    11 |    38 |       ||    49
       Punch             |       |     1 |     1 |       ||     2
       Flail             |       |       |    23 |       ||    23
       Great sword       |       |       |    57 |    80 ||   137
 Cast: Pain              |    73 |    69 |    61 |    57 ||   260
       Vampiric Draining |     1 |    12 |    57 |    55 ||   125
       Animate Dead      |       |     1 |     3 |     7 ||    11
       Agony             |       |       |    11 |    22 ||    33
Invok: Curse Item        |       |       |     1 |       ||     1
Evoke: Wand              |       |       |     2 |     1 ||     3
  Use: Scroll            |       |     4 |     6 |     5 ||    15
Armor: Robe              |     7 |     7 |    61 |    50 ||   125
Dodge: Dodged            |    11 |    15 |   163 |   156 ||   345
